[Event "Live Chess"]
[Site "Chess.com"]
[Date "2023.05.20"]
[Round "-"]
[White "SupremeTactician"]
[Black "therealab0ne"]
[Result "1-0"]
[WhiteElo "2367"]
[BlackElo "701"]
[TimeControl "300"]
[EndTime "14:42:39 PDT"]
[Termination "SupremeTactician won on time"]

1. e4 c5 2. Nf3 Nc6 3. d4 cxd4 4. Nxd4 Nf6 5. Nc3 g6 6. Nxc6 bxc6 7. Bd3 Bg7 8. O-O O-O 9. f3 d5 10. exd5 Nxd5 11.
Nxd5 cxd5 12. c3 d4 13. c4 e5 14. b4 Be6 15. c5 a5 16. b5 Qd5 17. Ba3 Bf5 18. Bxf5 gxf5 19. Qb3 Qxb3 20. axb3 e4 21. fxe4 fxe4 22. b6 d3 23. Rad1 Rad8 24. c6 Bd4+ 25. Kh1 Bxb6 26. Bxf8 Rxf8 27. Rf4 Re8 28. Rff1 Rd8 29.
Rfe1 e3 30. c7 Bxc7 31. Rxe3 Kg7 32. Rexd3 Rxd3 33. Rxd3 Kf6 34. g3 Ke5 35. Kg2 Ke4 36. Rd7 Be5 37. Kf2 Bd4+ 38. Ke2 1-0

[Event "Live Chess"]
[Site "Chess.com"]
[Date "2023.05.20"]
[Round "-"]
[White "Biranidun"]
[Black "lightningorderyt"]
[Result "1-0"]
[WhiteElo "2764"]
[BlackElo "520"]
[TimeControl "300"]
[EndTime "14:42:45 PDT"]
[Termination "Biranidun won by checkmate"]

1. e4 e5 2. Nf3 Nf6 3. Nxe5 Nc6 4. Nxc6 dxc6 5. d3 Bb4+ 6. c3 Ba5 7. Be2 O-O 8. O-O b6 9. b4 Bxb4 10. cxb4 c5 11.
bxc5 bxc5 12. Nc3 Bb7 13. Be3 Qe7 14. Na4 Bc6 15. Bxc5 Qe5 16. Bxf8 Kxf8 17. Rc1 Qe8 18. Nc5 Nd7 19. Nxd7+ Qxd7 20. Qc2 g6 21. Qxc6 Qxc6 22. Rxc6 Re8 23. Rxc7 f5 24. Rb1 fxe4 25. dxe4 g5 26.
Bh5 Rxe4 27. Rb8+ Re8 28. Rxe8# 1-0

[Event "Live Chess"]
[Site "Chess.com"]
[Date "2023.05.20"]
[Round "-"]
[White "BJAW87"]
[Black "ViktorTheCoolBoy"]
[Result "0-1"]
[WhiteElo "1435"]
[BlackElo "2513"]
[TimeControl "300"]
[EndTime "14:42:46 PDT"]
[Termination "ViktorTheCoolBoy won by resignation"]

1. e4 c5 2. Nc3 e6 3. f4 d5 4. exd5 exd5 5. d4 Nc6 6. Nf3 Bg4 7. Bb5 Nf6 8. O-O Be7 9. h3 Bxf3 10. Qxf3 cxd4 11.
Bxc6+ bxc6 12. Ne2 c5 13. f5 O-O 14. Qg3 Ne4 15. Qg4 Bf6 16. Ng3 Nxg3 17. Qxg3 Re8 18. Bf4 Qb6 19. b3 c4 20. Kh1 Re4 21. h4 Kh8 22. h5 h6 23. Rae1 Rae8 24. Kh2 Qd8 25.
a4 Bh4 26. Rxe4 Bxg3+ 27. Bxg3 Rxe4 0-1

[Event "Live Chess"]
[Site "Chess.com"]
[Date "2023.05.20"]
[Round "-"]
[White "OmeetAtara"]
[Black "WilliamofOrange16th"]
[Result "1/2-1/2"]
[WhiteElo "1814"]
[BlackElo "1838"]
[TimeControl "300"]
[EndTime "14:42:48 PDT"]
[Termination "Game drawn - insufficient material"]

1. d4 Nf6 2. Bg5 Ne4 3. Bf4 d5 4. f3 Nf6 5. Nc3 g6 6. e4 dxe4 7. fxe4 Bg7 8. Nf3 Bg4 9. Be2 c6 10. O-O Nbd7 11. Ne5 Bxe2 12. Nxe2 Nxe5 13. Bxe5 O-O 14.
Ng3 Nd7 15. Bxg7 Kxg7 16. c3 e5 17. Qg4 Nf6 18. Qg5 Nd7 19. Qxd8 Raxd8 20. d5 Nc5 21. b4 Nd3 22. Rad1 Nb2 23. Rb1 Nc4 24. Rfd1 f5 25. dxc6 bxc6 26. Rxd8 Rxd8 27. exf5 gxf5 28. Nxf5+ Kf6 29.
Rf1 Kg5 30. h4+ Kg4 31. Kh2 Rd3 32. Ne7 Rxc3 33. Nxc6 Kxh4 34. Rf5 e4 35. Rf4+ Kg5 36. Rxe4 Nd6 37. Re5+ Kf6 38. Rc5 Ra3 39. Rc2 a6 40.
Nb8 Ke5 41. Nd7+ Kd4 42. Rd2+ Rd3 43. Rxd3+ Kxd3 44. Nc5+ Kc4 45. Nxa6 Kb5 46. Nc7+ Kxb4 47. Nd5+ Ka3 48. Nf6 h6 49. Ng4 Nf7 50. Kh3 Kxa2 51. Kh4 Kb3 52. Kh5 Kc4 53. Nxh6 Ne5 54. Ng4 Nd3 55.
Kg5 Kd5 56. Nf6+ Ke6 57. Ne4 Ne5 58. Kf4 Ng6+ 59. Kg4 Ne5+ 60. Kg5 Nf7+ 61. Kf4 Nh6 62. g3 Nf5 63. g4 Ng7 64. Ng5+ Kf6 65. Ne4+ Kg6 66.
Ng3 Ne6+ 67. Ke5 Kg5 68. Kxe6 Kxg4 1/2-1/2

[Event "Live Chess"]
[Site "Chess.com"]
[Date "2023.05.20"]
[Round "-"]
[White "LiamClery2020"]
[Black "manthanit"]
[Result "1-0"]
[WhiteElo "2071"]
[BlackElo "1005"]
[TimeControl "300"]
[EndTime "14:42:49 PDT"]
[Termination "LiamClery2020 won by resignation"]

1. e4 e6 2. d4 d5 3. Nd2 Nf6 4. e5 Nfd7 5. Ngf3 c5 6. c3 a6 7. Bd3 b5 8. O-O cxd4 9. cxd4 Bb4 10. Re1 Nc6 11. Nb3 Bxe1 12. Qxe1 Qb6 13. Be3 Bb7 14.
Rc1 a5 15. Nc5 Rb8 16. Ng5 Nxc5 17. Rxc5 Nb4 18. Bxb5+ Bc6 19. Bxc6+ Nxc6 20. Qc3 Rc8 21. h3 O-O 22. Qc2 g6 23. h4 Nb4 24. Qb1 Rxc5 25. dxc5 Qb5 26. h5 Rc8 27. a3 Nd3 28. hxg6 hxg6 29.
Qd1 Qxb2 30. Qxd3 Qa1+ 31. Kh2 Qxe5+ 32. g3 f6 33. Qxg6+ 1-0

[Event "Live Chess"]
[Site "Chess.com"]
[Date "2023.05.20"]
[Round "-"]
[White "smoggyrabbit"]
[Black "terrub10"]
[Result "1-0"]
[WhiteElo "1706"]
[BlackElo "570"]
[TimeControl "300"]
[EndTime "14:42:55 PDT"]
[Termination "smoggyrabbit won by checkmate"]

1. d4 d5 2. Nf3 Bg4 3. Ne5 Bh5 4. Qd3 Nc6 5. Qh3 Nxe5 6. dxe5 Qc8 7. Qxh5 g6 8. Qf3 h5 9. Qxd5 c6 10. Qd4 c5 11. Qd3 c4 12. Qd4 e6 13. e3 Bc5 14.
Qxc4 Rb8 15. Qb5+ Kd8 16. Nc3 a6 17. Qd3+ Ke7 18. Ne4 f5 19. exf6+ Kf7 20. b3 Nxf6 21. Nxf6 Kxf6 22. Bb2+ e5 23. f4 Bd4 24. exd4 exd4 25. Bxd4+ Ke6 26. Qxg6+ Ke7 27. Qf6+ Kd7 28. O-O-O Re8 29. Be5# 1-0

[Event "Live Chess"]
[Site "Chess.com"]
[Date "2023.05.20"]
[Round "-"]
[White "EdenHazard8"]
[Black "toog"]
[Result "0-1"]
[WhiteElo "2055"]
[BlackElo "2620"]
[TimeControl "300"]
[EndTime "14:43:12 PDT"]
[Termination "toog won by resignation"]

1. d4 Nf6 2. Bg5 Ne4 3. Bf4 Nc6 4. e3 g5 5. Bg3 h5 6. Bd3 h4 7. Bxc7 Nxf2 8. Kxf2 Qxc7 9. Nh3 Bh6 10. Rf1 Qxh2 11. Qh5 d6 12. Ke1 Qxg2 13. Qxf7+ Kd8 14. Nf2 h3 15.
Nd2 g4 16. Be4 Qg3 17. Bf5 Qxe3+ 0-1

[Event "Live Chess"]
[Site "Chess.com"]
[Date "2023.05.20"]
[Round "-"]
[White "JohanKjeldahl"]
[Black "fso"]
[Result "1/2-1/2"]
[WhiteElo "1854"]
[BlackElo "2232"]
[TimeControl "300"]
[EndTime "14:43:13 PDT"]
[Termination "Game drawn by stalemate"]

1. c4 Nf6 2. Nc3 g6 3. d4 d5 4. cxd5 Nxd5 5. e4 Nxc3 6. bxc3 Bg7 7. Bc4 c5 8. Be3 O-O 9. Ne2 Qa5 10. Qd2 Nc6 11.
Rd1 Rd8 12. O-O cxd4 13. cxd4 Qxd2 14. Rxd2 Na5 15. Bb5 b6 16. Rfd1 e6 17. f3 Bb7 18.
Kf2 Rac8 19. d5 exd5 20. exd5 Nc4 21. Bxc4 Rxc4 22. d6 Rd7 23. Bg5 Bf8 24. Ng3 f5 25.
h4 Rc6 26. Bf4 Kf7 27. h5 Ba6 28. hxg6+ hxg6 29. Be5 Bc4 30. a3 b5 31. Ke3 a5 32.
Nh1 Bb3 33. Rb1 a4 34. Nf2 Bxd6 35. Bxd6 Rcxd6 36. Rxd6 Rxd6 37. Rc1 Bc4 38. Rh1 Kf6 39. Rh8 g5 40. Rh6+ Ke5 41. Rxd6 Kxd6 42. Kd4 Bf1 43.
g3 Kc6 44. g4 fxg4 45. Nxg4 Be2 46. Ne5+ Kb6 47. Nf7 Bxf3 48. Nxg5 Bg2 49. Kc3 Bc6 50. Ne6 Bd5 51. Nd4 Kc5 52. Nxb5 Kxb5 53. Kb2 Kc4 54.
Ka1 Kb3 55. Kb1 Kxa3 56. Ka1 Kb3 57. Kb1 a3 58. Ka1 Be6 59. Kb1 Bf7 60. Ka1 Bg8 61. Kb1 Kb4 62. Ka1 Ka4 63. Kb1 Bh7+ 64. Ka1 Bg6 65.
Ka2 Bf5 66. Ka1 Be4 67. Ka2 Bd3 68. Ka1 Bc4 69. Kb1 Kb3 70. Ka1 Kb4 71. Kb1 Kb3 72. Ka1 Kc2 1/2-1/2

[Event "Live Chess"]
[Site "Chess.com"]
[Date "2023.05.20"]
[Round "-"]
[White "LL220284LL"]
[Black "toxic_rabbit"]
[Result "1-0"]
[WhiteElo "2375"]
[BlackElo "1998"]
[TimeControl "300"]
[EndTime "14:43:13 PDT"]
[Termination "LL220284LL won by resignation"]

1. e4 e6 2. d4 d5 3. Bd3 c5 4.
exd5 exd5 5. Nf3 Nf6 6. O-O Be7 7. dxc5 O-O 8. Nbd2 Bxc5 9. Nb3 Bb6 10. Bg5 Bg4 11.
h3 Bh5 12. Re1 Nbd7 13. Be2 Qc7 14. c3 Ne4 15. Bh4 Ndf6 16. Nfd4 Bxe2 17. Rxe2 a5 18. Nd2 Nxd2 19. Qxd2 Ne4 20. Qd3 Rfe8 21. Rae1 a4 22. Bg3 Nxg3 23. Rxe8+ 1-0

[Event "Live Chess"]
[Site "Chess.com"]
[Date "2023.05.20"]
[Round "-"]
[White "chrisbradgate"]
[Black "McSlash1"]
[Result "0-1"]
[WhiteElo "861"]
[BlackElo "2049"]
[TimeControl "300"]
[EndTime "14:43:15 PDT"]
[Termination "McSlash1 won by checkmate"]

1. d4 Nf6 2. Bf4 g6 3. e3 Bg7 4. c3 O-O 5. Nd2 d5 6. Qc2 c5 7. O-O-O Nc6 8. dxc5 e5 9. Bg3 Qe7 10. Nb3 b6 11. cxb6 axb6 12. a3 Ne4 13.
Ne2 Bf5 14. Rd3 Rfc8 15. f3 Nxg3 16. hxg3 Bxd3 17. Qxd3 e4 18. fxe4 dxe4 19. Qc2 Ne5 20. Ned4 Nc4 21. Bxc4 Rxc4 22. Rd1 Rd8 23. Nb5 Bh6 24.
Kb1 Bxe3 25. Rxd8+ Qxd8 26. Nc1 Qd2 27. Qxd2 Bxd2 28.
Nb3 Bh6 29. Nd6 Rc6 30. Nxe4 Re6 31. Nf2 Re2 32. Ng4 Bg7 33. Nc1 Rxg2 34. Ne3 Rxg3 35.
Nf1 Rg1 36. Nd2 Bh6 37. Kc2 Rg2 38. Nb3 Bxd2 39. Nxd2 h5 40. Kd1 h4 41. Ke1 h3 42. Nf1 Rxb2 43. Kd1 Rb1+ 44. Ke2 g5 45. Kf2 Rb2+ 46. Kg1 g4 47. Ng3 Rg2+ 48. Kh1 Rxg3 49. Kh2 Rxc3 50. Kh1 Rxa3 51. Kh2 f6 52. Kh1 g3 53.
Kg1 Ra1# 0-1

[Event "Live Chess"]
[Site "Chess.com"]
[Date "2023.05.20"]
[Round "-"]
[White "RamsayFlayer"]
[Black "stevochess11"]
[Result "1-0"]
[WhiteElo "1983"]
[BlackElo "1756"]
[TimeControl "300"]
[EndTime "14:43:37 PDT"]
[Termination "RamsayFlayer won by resignation"]

1. e4 c5 2. c3 d5 3. exd5 Qxd5 4.
d4 cxd4 5. cxd4 Nc6 6. Nf3 Nf6 7.
Nc3 Qa5 8. Bb5 Bg4 9. h3 Bxf3 10. Qxf3 a6 11. Bxc6+ bxc6 12. Qxc6+ Nd7 13. Qxa8+ Qd8 14.
Qxd8+ 1-0

[Event "Live Chess"]
[Site "Chess.com"]
[Date "2023.05.20"]
[Round "-"]
[White "OSmith06"]
[Black "Stanbad1"]
[Result "0-1"]
[WhiteElo "1664"]
[BlackElo "2392"]
[TimeControl "300"]
[EndTime "14:43:42 PDT"]
[Termination "Stanbad1 won by resignation"]

1. e4 e6 2. d4 d5 3. Nd2 Nf6 4.
e5 Nfd7 5. Bd3 c5 6. c3 Nc6 7. Ne2 cxd4 8. cxd4 f6 9. exf6 Nxf6 10. Nf3 Bd6 11. O-O O-O 12. Bf4 Bxf4 13. Nxf4 Ne4 14.
Ne2 Rxf3 15. gxf3 Ng5 16. Ng3 Nxd4 17. Be2 Nxe2+ 18. Qxe2 Nh3+ 19. Kg2 Nf4+ 0-1

[Event "Live Chess"]
[Site "Chess.com"]
[Date "2023.05.20"]
[Round "-"]
[White "ExIsambard"]
[Black "gregor1903"]
[Result "1-0"]
[WhiteElo "1972"]
[BlackElo "1560"]
[TimeControl "300"]
[EndTime "14:43:56 PDT"]
[Termination "ExIsambard won by resignation"]

1. d4 Nf6 2. Nf3 g6 3. Bg5 Ne4 4. h4 Nxg5 5. hxg5 Bg7 6. e3 d5 7. Bd3 Nc6 8. c3 e5 9. dxe5 Nxe5 10. Nxe5 Bxe5 11. f4 Bg7 12. Nd2 Qe7 13. Qf3 Be6 14. O-O-O O-O-O 15. Kb1 Qc5 16. Nb3 Qb6 17. Rhe1 h5 18. Nd4 Bg4 19. Qf2 Bxd1 20. Rxd1 Rhe8 21. f5 Be5 22. fxg6 fxg6 23. Bxg6 Rf8 24. Qh4 Qxg6+ 25. Ka1 c6 26. Qh3+ Kb8 27. Ne6 a6 28. Nxd8 Rxd8 29.
g4 Qxg5 30. gxh5 Rh8 31. Rh1 Bd6 32. a3 Bc5 33. Qh2+ Ka7 34. h6 Bxe3 35. h7 Bf4 36. Qh3 Qg3 37. Qd7 Be5 38. Qe7 Bg7 39. Qc5+ Ka8 40.
Qe7 Qg6 41. Rf1 Qe8 42. Qxg7 1-0

[Event "Live Chess"]
[Site "Chess.com"]
[Date "2023.05.20"]
[Round "-"]
[White "CameronM1234"]
[Black "GEMdzq"]
[Result "0-1"]
[WhiteElo "1119"]
[BlackElo "2243"]
[TimeControl "300"]
[EndTime "14:43:58 PDT"]
[Termination "GEMdzq won on time"]

1. e4 d6 2. Nf3 Nf6 3. d3 g6 4.
g3 Bg7 5. Bg2 c5 6. c3 Nc6 7. Nbd2 O-O 8. O-O Bd7 9. h3 Rb8 10.
a4 a6 11. a5 b5 12. axb6 Rxb6 13. Nc4 Rb8 14. e5 dxe5 15. Nfxe5 Nxe5 16. Nxe5 a5 17. Bc6 Qc7 18. Nxd7 Nxd7 19. Bg2 Rfd8 20. Bf4 e5 21.
Bg5 Nf6 22. Be4 Rxb2 23. Qa4 Rdb8 24. Qxa5 Qxa5 25. Rxa5 Nxe4 26. dxe4 R2b5 27. Rfa1 f6 28. Be3 Bf8 29. Ra6 Kf7 30. Kf1 f5 31. exf5 gxf5 32. Ra7+ R8b7 33. Rxb7+ Rxb7 34. Ra5 Rc7 35. Ke2 Ke6 36. c4 Bd6 37. Kd3 f4 38. gxf4 exf4 39.
Bd2 Rb7 40. Rb5 Ra7 41. Ba5 Kd7 42. Bb6 Ra3+ 43. Ke4 Kc6 44. Bxc5 Bxc5 45. Rb8 Rxh3 46. Rf8 Bd6 47. Kf5 Rh2 48. Rf7 h5 49. Rf6 Rxf2 0-1

[Event "Live Chess"]
[Site "Chess.com"]
[Date "2023.05.20"]
[Round "-"]
[White "jk0110"]
[Black "ProfPoisson"]
[Result "1-0"]
[WhiteElo "1118"]
[BlackElo "1119"]
[TimeControl "300"]
[EndTime "14:44:02 PDT"]
[Termination "jk0110 won by resignation"]

1. e4 e5 2. Nf3 Nf6 3. d4 Nxe4 4. Nxe5 d5 5. Bd3 Nd7 6. Nxd7 Bxd7 7. Qf3 f5 8. O-O Qe7 9. Re1 O-O-O 10. Nc3 Re8 11. Bf4 g5 12. Nxd5 Qg7 13. Be5 Rxe5 14. dxe5 g4 15.
Qf4 Bc5 16. Bxe4 fxe4 17. Rxe4 Rf8 18. Qg3 Bxf2+ 19. Qxf2 Rxf2 20. Kxf2 Qf7+ 21. Nf4 Bc6 22. Rd4 Qf5 23. Rad1 Qxc2+ 24. R1d2 Qc5 25. Ne6 Qb6 26.
Ke1 Bd5 27. Rxd5 Qg1+ 28. Ke2 Qxg2+ 29. Kd1 b6 30. Rxg2 1-0

[Event "Live Chess"]
[Site "Chess.com"]
[Date "2023.05.20"]
[Round "-"]
[White "LiamBellwood"]
[Black "FailsGambits"]
[Result "1-0"]
[WhiteElo "2069"]
[BlackElo "1320"]
[TimeControl "300"]
[EndTime "14:44:02 PDT"]
[Termination "LiamBellwood won by resignation"]

1. d4 d5 2. Nc3 Nf6 3. Bf4 e6 4. Nb5 Na6 5. a3 c6 6. Nc3 Bd6 7. e3 Bxf4 8. exf4 Qd6 9. Qd2 O-O 10. Nf3 Re8 11. h4 h6 12. h5 Rd8 13. Ne5 Ne4 14.
Nxe4 dxe4 15. Bxa6 bxa6 16. c3 f6 17. Nc4 Qd5 18.
Ne3 Qd7 19. Qc2 f5 20. Nc4 Bb7 21. Ne5 Qe7 22. Qa4 Rac8 23. Ng6 Qd7 24. Qb4 Rc7 25. Ne5 Qe7 26. Qc4 c5 27. Ng6 Qd6 28. Rd1 cxd4 29.
Qxd4 Qxd4 30. cxd4 Rc2 31. O-O Rxb2 32. Rb1 Rxb1 33. Rxb1 Bc6 34. Rc1 Be8 35. Rc7 Bxg6 36. hxg6 Ra8 37. Re7 Kf8 38. Rf7+ Ke8 39. Rxg7 1-0

[Event "Live Chess"]
[Site "Chess.com"]
[Date "2023.05.20"]
[Round "-"]
[White "Olisingapore"]
[Black "Jo1ts"]
[Result "1/2-1/2"]
[WhiteElo "1866"]
[BlackElo "744"]
[TimeControl "300"]
[EndTime "14:44:14 PDT"]
[Termination "Game drawn by repetition"]

1. d4 d5 2. c4 Nf6 3. Nf3 Bf5 4.
e3 e6 5. Nc3 Nbd7 6. Be2 b6 7.
O-O Bd6 8. Nh4 Bg6 9. Nxg6 hxg6 10.
cxd5 Nxd5 11. Qc2 Bxh2+ 12. Kh1 Bd6+ 13. Kg1 Qh4 14. f4 Qh1+ 15. Kf2 Qh4+ 16. Kf3 Qh5+ 17. Kf2 Qh4+ 18. Kf3 Qh5+ 19. Kf2 Qh4+ 1/2-1/2

[Event "Live Chess"]
[Site "Chess.com"]
[Date "2023.05.20"]
[Round "-"]
[White "Singapourfeuj"]
[Black "JoshMcK"]
[Result "1-0"]
[WhiteElo "2250"]
[BlackElo "1552"]
[TimeControl "300"]
[EndTime "14:44:39 PDT"]
[Termination "Singapourfeuj won by resignation"]

1. d4 d5 2. c4 e6 3. Nf3 Nf6 4. Nc3 a6 5. cxd5 exd5 6. Bg5 Be6 7. e3 Be7 8. Bd3 O-O 9. Qc2 Ne4 10. Bxe7 Qxe7 11.
Bxe4 dxe4 12. Qxe4 Nc6 13. d5 Rfe8 14. dxe6 Qxe6 15.
Qxe6 Rxe6 16. O-O Rae8 17. Rfd1 h6 18. h3 Ne5 19. Nxe5 Rxe5 20. Rd4 c6 21. Rad1 R5e7 22.
Rd7 Kh7 23. Rxe7 Rxe7 24. g3 b5 25. Kg2 c5 26. Rd6 a5 27. Rd5 b4 28. Ne2 c4 29.
Rxa5 Rc7 30. Rb5 c3 31. bxc3 bxc3 32. Nc1 c2 33. Rb2 Kg6 34. Kf3 Kf5 35. Ke2 Ke4 36.
f3+ Kd5 37. Kd2 f5 38. Rxc2 Rxc2+ 39. Kxc2 g5 40. Kd3 1-0

[Event "Live Chess"]
[Site "Chess.com"]
[Date "2023.05.20"]
[Round "-"]
[White "AttackingSnowLeopard"]
[Black "Ferrarifan27"]
[Result "1-0"]
[WhiteElo "2124"]
[BlackElo "2052"]
[TimeControl "300"]
[EndTime "14:44:49 PDT"]
[Termination "AttackingSnowLeopard won by resignation"]

1. d4 Nf6 2. c4 e6 3. Nf3 Be7 4.
g3 O-O 5. Bg2 d5 6. O-O c6 7.
Nbd2 b6 8. Qc2 Bb7 9. b3 Nbd7 10. e4 dxe4 11. Nxe4 c5 12. Nxf6+ Nxf6 13. dxc5 Bxc5 14. Bb2 Qe7 15. Ne5 Bxg2 16. Kxg2 Rad8 17. Rad1 Rxd1 18. Rxd1 Qb7+ 19. f3 h6 20. Nd3 Be7 21. Ne5 Rd8 22. Rxd8+ Bxd8 23. Qd3 Be7 24. g4 Qc7 25. h4 Qd8 26.
Qxd8+ Bxd8 27. Nc6 Bc7 28. Bxf6 gxf6 29. Nxa7 Kf8 30.
Nb5 Bf4 31. Kf2 Ke7 32. Ke2 Kd7 33. Kd3 Kc6 34. Ke4 Bg3 35. b4 Bxh4 36. Nd4+ Kc7 37. a4 Be1 38. Nc2 Bc3 39. Kd3 Be5 40. c5 bxc5 41.
bxc5 Kc6 42. Kc4 f5 43. Nb4+ Kb7 44. a5 fxg4 45. fxg4 Bc7 46. Kb5 f5 47. c6+ Ka7 48. gxf5 exf5 49. Nd5 f4 50. Nxc7 f3 51. Nd5 f2 52.
Ne3 h5 53. Nf1 h4 54. Kc5 h3 55. Kd6 Ka6 56. c7 1-0

[Event "Live Chess"]
[Site "Chess.com"]
[Date "2023.05.20"]
[Round "-"]
[White "KGreenGator"]
[Black "Biranidun"]
[Result "0-1"]
[WhiteElo "1774"]
[BlackElo "2764"]
[TimeControl "300"]
[EndTime "14:44:55 PDT"]
[Termination "Biranidun won by resignation"]

1. c3 Nf6 2. d4 g6 3. Bf4 Bg7 4.
Nd2 O-O 5. e4 d6 6. Ngf3 c5 7.
Be3 cxd4 8. Bxd4 Nc6 9. Be3 Ng4 10. Qe2 Nxe3 11. Qxe3 Be6 12. h3 h6 13. Nd4 Nxd4 14. cxd4 Qb6 15. Nb3 Bxb3 16. axb3 Bxd4 17. Qxh6 Bxf2+ 18. Ke2 Bd4 19. Qd2 Bf6 20. Ra3 Rfc8 21. g4 Rc5 22. h4 Qc6 23. Bg2 Rc2 24. Rd1 Rxd2+ 25.
Rxd2 Bxh4 0-1

[Event "Live Chess"]
[Site "Chess.com"]
[Date "2023.05.20"]
[Round "-"]
[White "Duke_of_Bebington"]
[Black "Richardallis"]
[Result "1/2-1/2"]
[WhiteElo "1579"]
[BlackElo "1899"]
[TimeControl "300"]
[EndTime "14:45:53 PDT"]
[Termination "Game drawn by repetition"]

1. e4 d5 2. exd5 Nf6 3. d4 Nxd5 4. Nf3 Bg4 5. Be2 c6 6. O-O e6 7. c4 Nf6 8. Nc3 Bd6 9. Be3 Nbd7 10. h3 Bxf3 11.
Bxf3 Rc8 12. Qb3 Qb6 13. Qxb6 axb6 14. Rfe1 O-O 15. Rad1 Rfe8 16. a3 Ra8 17. Bc1 e5 18. d5 c5 19. Ne4 Nxe4 20. Bxe4 g6 21. g4 Nf6 22. Bb1 Kg7 23. Kg2 Re7 24. f3 Nd7 25. Re2 f6 26. Rde1 h6 27. f4 Rae8 28. fxe5 Rxe5 29. Rxe5 Rxe5 30. Rxe5 Nxe5 31. b3 g5 32. Bf5 Kf7 33. Bc8 Nd3 34. Bd2 Nf4+ 35.
Bxf4 Bxf4 36. Bxb7 Bc1 37. a4 Ke7 38. Kf3 Bf4 39.
Ke4 Bd6 40. Kf5 Kf7 41. Bc8 Bg3 42. Be6+ Ke7 43. Kg6 Bf2 44. Kxh6 Bg3 45. Kg6 Be5 46. Kh5 Bg3 47. Bf5 Bf2 48. Kg6 Bg3 49. Bc8 Be5 50. Kf5 Bd6 51. Ke4 Bg3 52. Kd3 Bd6 53. Kc3 Be5+ 54. Kc2 Bg3 55. Bf5 Kd6 56. Kd3 Ke5 57. Ke2 Bf4 58. Kf3 Bd2 59. Ke2 Ba5 60.
Kf3 Bb4 61. Kg3 Ba5 62. Kf3 Bb4 63. Ke3 Be1 64. Ke2 Ba5 65. Kf3 1/2-1/2

[Event "Live Chess"]
[Site "Chess.com"]
[Date "2023.05.20"]
[Round "-"]
[White "blunderabit"]
[Black "Tushinskiy"]
[Result "0-1"]
[WhiteElo "1816"]
[BlackElo "2140"]
[TimeControl "300"]
[EndTime "14:45:58 PDT"]
[Termination "Tushinskiy won on time"]

1. e4 e5 2. Nf3 d6 3. d4 Bg4 4. dxe5 Nd7 5. Be2 dxe5 6. O-O Ngf6 7. Nc3 c6 8. a3 Qc7 9. Be3 Be7 10. Ng5 h6 11.
Bxg4 hxg5 12. Bxg5 O-O-O 13. Be3 Kb8 14. Qe2 Nc5 15.
Bf3 Ne6 16. b4 Nd4 17. Qd1 Nb3 18. cxb3 Rxd1 19. Rfxd1 Rd8 20. Rxd8+ Bxd8 21. Rd1 Be7 22. h3 a5 23. bxa5 Qxa5 24. Na4 Qb5 25. Nb6 Qxb3 26. Nd7+ Nxd7 27. Rxd7 Bxa3 28. Bg4 b6 29. Rd8+ Kc7 30. Rc8+ Kb7 31. Rd8 Bc5 32. Rd7+ Ka6 33. Be2+ b5 0-1

[Event "Live Chess"]
[Site "Chess.com"]
[Date "2023.05.20"]
[Round "-"]
[White "risinghelios"]
[Black "wadsy27"]
[Result "0-1"]
[WhiteElo "1919"]
[BlackElo "2560"]
[TimeControl "300"]
[EndTime "14:46:06 PDT"]
[Termination "wadsy27 won by checkmate"]

1. e4 e6 2. d4 d5 3. e5 c5 4. c3 Nc6 5. Nf3 Qb6 6. Be2 cxd4 7. cxd4 Nh6 8. b3 Nf5 9. Bb2 Bb4+ 10. Nc3 Nfxd4 11.
O-O Nxe2+ 12. Qxe2 Bd7 13. Na4 Qa6 14. Qe3 h6 15. a3 Be7 16. Rac1 Na5 17. Nc5 Bxc5 18. Rxc5 b6 19. Rc2 O-O 20. Rfc1 Rac8 21. h3 Rxc2 22.
Rxc2 Rc8 23. Rxc8+ Qxc8 24. Nd4 Nb7 25. Qg3 Nc5 26.
b4 Ne4 27. Qe3 Qc4 28. Nf3 Bb5 29. Kh2 Qc2 30. Bc1 Qxf2 31. Qxf2 Nxf2 32. Nd4 Bd7 33.
b5 Ne4 34. Nc6 Nc3 35. Nxa7 Bxb5 36. Be3 Bd7 37. Bxb6 f6 38. exf6 gxf6 39. Bd4 Ne4 40.
Kg1 e5 41. Be3 d4 42. Bc1 Nc3 43. Bxh6 e4 44. Kf2 Kf7 45. Bc1 Ke6 46. h4 e3+ 47. Ke1 Kd5 48. h5 Ne4 49. h6 Ng5 50. Ke2 Ke4 51.
Ke1 d3 52. g3 Kf3 53. a4 Bxa4 54. Nc8 d2+ 55. Bxd2 exd2+ 56. Kxd2 Kxg3 57. Ne7 Kg4 58. Nd5 Kf5 59. Ne7+ Ke6 60. Ng8 Kf7 61. h7 Nxh7 62. Nh6+ Kg6 63. Ng4 Bd7 64. Ne3 f5 65. Ke2 Kg5 66.
Kf3 Bc6+ 67. Kf2 f4 68. Nf1 Nf6 69. Nd2 Ne4+ 70. Nxe4+ Bxe4 71. Ke2 Kg4 72. Kf2 f3 73. Kf1 Kg3 74. Kg1 f2+ 75. Kf1 Bd3# 0-1

[Event "Live Chess"]
[Site "Chess.com"]
[Date "2023.05.20"]
[Round "-"]
[White "omisoc"]
[Black "Doge_Dandolo"]
[Result "1-0"]
[WhiteElo "2136"]
[BlackElo "2031"]
[TimeControl "300"]
[EndTime "14:46:14 PDT"]
[Termination "omisoc won by resignation"]

1. Nf3 Nf6 2. b3 g6 3. Bb2 Bg7 4.
g4 d5 5. g5 Nh5 6. Bxg7 Nxg7 7. Qc1 O-O 8. h4 Nh5 9. e3 Bg4 10. Ne5 Bc8 11. Bg2 Nd7 12. Qb2 Nxe5 13. Qxe5 c6 14.
Nc3 Bf5 15. O-O-O Qa5 16. Kb2 b5 17. Bf3 b4 18. Na4 f6 19. Qxe7 Rf7 20. Qd6 Rd7 21.
Qc5 Qc7 22. Bxh5 gxh5 23. gxf6 Rf7 24. Rhg1+ Bg6 25. Qxb4 Rxf6 26. f4 Kh8 27. Nc5 a5 28.
Qd4 Qg7 29. Rg5 Rb8 30. c3 a4 31. Rdg1 axb3 32. a3 Re8 33. f5 Rxf5 34. Qxg7+ 1-0

[Event "Live Chess"]
[Site "Chess.com"]
[Date "2023.05.20"]
[Round "-"]
[White "Missedidea"]
[Black "f4nomore"]
[Result "0-1"]
[WhiteElo "1675"]
[BlackElo "1413"]
[TimeControl "300"]
[EndTime "14:47:02 PDT"]
[Termination "f4nomore won on time"]

1. d4 g6 2. e4 Bg7 3. Nc3 d6 4.
f4 Nd7 5. Nf3 a6 6. Bd3 b5 7. a3 Bb7 8. O-O c5 9. d5 c4 10. Be2 Ngf6 11. e5 dxe5 12. fxe5 Ng4 13. e6 fxe6 14. Ng5 Nc5 15. Bxg4 exd5 16. Kh1 d4 17. Ne2 e5 18. Qe1 Qe7 19. Rf7 Qxf7 20. Nxf7 Kxf7 21. Qf2+ Ke7 22. Qg3 Rhf8 23. Bg5+ Kd6 24.
Nxd4 h6 25. Be3 Ne4 26. Qh4 g5 27. Qh5 exd4 28. Qg6+ Rf6 29. Qxg7 dxe3 30. Qd7+ Ke5 31. Qe7+ Kf4 32. Qxb7 Raf8 33. Be2 Nf2+ 34. Kg1 R8f7 35. Qf3+ Ke5 36. Qxe3+ Ne4 37. Bf3 Rf4 38. Bxe4 Rxe4 39. Qc3+ Kd5 40. Rd1+ Kc6 41. a4 Ref4 42. axb5+ axb5 43. Qa5 Kc5 44. b4+ Kc6 0-1

[Event "Live Chess"]
[Site "Chess.com"]
[Date "2023.05.20"]
[Round "-"]
[White "LiamClery2020"]
[Black "WilliamofOrange16th"]
[Result "1-0"]
[WhiteElo "2075"]
[BlackElo "1835"]
[TimeControl "300"]
[EndTime "14:47:04 PDT"]
[Termination "LiamClery2020 won by checkmate"]

1. e4 d6 2. d4 Nf6 3. Nc3 Nbd7 4. Be3 e5 5. dxe5 dxe5 6. f3 Be7 7. Qd2 c6 8. Nge2 Qc7 9. Ng3 Nc5 10. Bc4 b6 11. Nf5 Bxf5 12. exf5 b5 13. Bb3 O-O 14. Qf2 Nxb3 15. axb3 a6 16. O-O c5 17. g4 Rfd8 18. Rad1 Rd7 19. g5 Ne8 20. Nd5 Qd8 21. h4 f6 22. g6 Rb8 23. c4 Rc8 24. Kh1 Bd6 25. Qg2 h6 26. Qe2 Rb8 27. Qd2 Nc7 28. Bxh6 Nxd5 29.
Qxd5+ Kh8 30. Bc1 Rbb7 31. Qe4 Bf8 32. Rd5 Rxd5 33. cxd5 Rd7 34. Rd1 c4 35. bxc4 bxc4 36. Qxc4 Rc7 37. Qg4 Rxc1 38. Qh5+ Kg8 39. Qh7# 1-0

[Event "Live Chess"]
[Site "Chess.com"]
[Date "2023.05.20"]
[Round "-"]
[White "LiamBellwood"]
[Black "McSlash1"]
[Result "1-0"]
[WhiteElo "2077"]
[BlackElo "2041"]
[TimeControl "300"]
[EndTime "14:47:10 PDT"]
[Termination "LiamBellwood won by checkmate"]

1. d4 Nf6 2. Nc3 g6 3. Bf4 d5 4.
e3 Bg7 5. h4 O-O 6. h5 gxh5 7.
Rxh5 Bg4 8. Be2 Bxh5 9. Bxh5 Nxh5 10. Qxh5 e6 11. Nf3 f6 12. O-O-O Qe8 13. Qh2 Rf7 14.
Rh1 Bf8 15. Bxc7 Rxc7 16. Qxc7 Nc6 17. Qxh7# 1-0

[Event "Live Chess"]
[Site "Chess.com"]
[Date "2023.05.20"]
[Round "-"]
[White "VicLemon"]
[Black "colourmefree"]
[Result "1-0"]
[WhiteElo "1346"]
[BlackElo "398"]
[TimeControl "300"]
[EndTime "14:47:19 PDT"]
[Termination "VicLemon won by checkmate"]

1. d4 d5 2. Nf3 Nf6 3. c4 e6 4. g3 c6 5. Bg2 Nbd7 6. O-O Nb6 7.
Nbd2 Nxc4 8. Nxc4 dxc4 9. a4 Bb4 10. Qc2 Qd5 11. Rd1 Ne4 12. Ng5 f5 13. Bf4 O-O 14.
Nxe4 fxe4 15. Bxe4 Qd7 16. Bxh7+ Kf7 17. Qg6+ Ke7 18.
Qxg7+ Rf7 19. Bg5+ Kd6 20. Qe5# 1-0